 Dungeon Crawl Stone Soup version 0.17.2-1-ge4368a0 (webtiles) character file.

481 magog001 the Shield-Bearer (level 7, -11/60 HPs)
             Began as a Hill Orc Fighter on Oct 18, 2016.
             Mangled by Menkaure (15 damage)
             ... on level 4 of the Dungeon.
             The game lasted 00:21:22 (3379 turns).

magog001 the Shield-Bearer (Hill Orc Fighter)       Turns: 3379, Time: 00:21:23

Health: -11/60     AC: 19    Str: 21      XL:     7   Next: 12%
Magic:  7/7        EV: -1    Int:  5 (8)  God:
Gold:   160        SH: 10    Dex: 10      Spells: 0 memorised, 6 levels left

rFire  . . .     SeeInvis .     a - +0 long sword
rCold  . . .     Clarity  .     w - +1 plate armour
rNeg   . . .     SustAt   .     c - +0 shield
rPois  .         Gourm    .     (no helmet)
rElec  .         Spirit   .     (no cloak)
rCorr  .         Warding  .     (no gloves)
rMut   .         Stasis   .     (no boots)
MR     +....                    (no amulet)
Stlth  ..........               m - ring of protection from magic
                                y - +6 ring of protection

@: somewhat resistant to hostile enchantments, extremely unstealthy
A: no striking features
a: no special abilities


You were on level 4 of the Dungeon.
You were hungry.

You visited 1 branch of the dungeon, and saw 4 of its levels.

You collected 160 gold pieces.

Inventory:

Hand Weapons
 a - a +0 long sword (weapon)
 r - a cursed -3 blowgun
 u - a +0 hunting sling
 v - a +2 vampiric dagger
Missiles
 d - 5 steel bolts
 f - 2 steel tomahawks
 h - 5 tomahawks of returning (quivered)
 i - 39 bolts
 p - 29 poisoned needles
 x - 57 arrows
Armour
 b - a +0 scale mail
 c - a +0 shield (worn)
 w - a +1 plate armour (worn)
Jewellery
 m - a ring of protection from magic (right hand)
 y - a +6 ring of protection (left hand)
Scrolls
 o - a scroll of random uselessness {unknown}
 t - 3 scrolls of amnesia
 z - a scroll of noise
 A - a scroll of teleportation {unknown}
Potions
 n - a potion of brilliance {unknown}
Comestibles
 e - 2 bread rations
 j - a slice of pizza
 l - 4 chunks of flesh
 q - 6 fruits
 s - 2 meat rations


   Skills:
 + Level 4.8 Fighting
 + Level 3.6 Long Blades
 + Level 0.5 Throwing
 * Level 5.0 Armour
 - Level 1.0 Dodging
 * Level 6.0 Shields


You had 6 spell levels left.
You didn't know any spells.

Dungeon Overview and Level Annotations

Branches:
Dungeon (4/15)
 Temple: D:4-7

Altars:

Annotations:
D:3 Goblin1989's ghost, amateur HOGl
D:4 Menkaure


Message History

You resist with some effort.
Throwing (i - inventory. (,) - cycle):
h - 5 tomahawks of returning (quivered)
Press: ? - help, Shift-Dir - straight line, f - Menkaure
Aim: Menkaure (almost destroyed, fast)
You throw a tomahawk of returning.
The tomahawk of returning hits Menkaure.
Menkaure is almost destroyed.
The tomahawk of returning returns to your pack!
Menkaure calls on the powers of darkness!
You feel a surge of unholy energy.
Throwing (i - inventory. (,) - cycle):
h - 5 tomahawks of returning (quivered)
Press: ? - help, Shift-Dir - straight line, f/p - Menkaure
Aim: Menkaure (almost destroyed, fast)
You throw a tomahawk of returning.
The tomahawk of returning hits Menkaure but does no damage.
Menkaure is almost destroyed.
The tomahawk of returning returns to your pack!
There is a stone staircase leading up here.
Menkaure hits you!
You die...

#.## #.....## ..
... #......###.#
#.. #..........#
##.##..........##
#.......#.....>..
#.......#.####...
...##..#...#
..... ##
##....M#..# ..
#....@..#
......#...###
.....##.#..#
...... #.....#
[..... #...#.#
...... ###.#.#
...... #...# ##.
# #


You could see Menkaure.

Vanquished Creatures
  Grinder (D:3)
  A giant frog (D:4)
  2 orc wizards (D:3)
  A giant frog skeleton (D:4)
  7 adders
  2 worms
  5 giant geckos
  8 orcs (D:3)
  4 giant cockroaches
  11 hobgoblins
  2 jackals (D:1)
  6 kobolds
  A quokka (D:4)
  A ball python (D:3)
  12 bats
  2 giant newts
  6 goblins
  8 rats
80 creatures vanquished.

Notes
Turn   | Place    | Note
--------------------------------------------------------------
     0 | D:1      | magog001 the Hill Orc Fighter began the quest for the Orb.
     0 | D:1      | Reached XP level 1. HP: 19/19 MP: 1/1
   223 | D:1      | Reached XP level 2. HP: 24/27 MP: 2/2
   507 | D:1      | Reached XP level 3. HP: 28/33 MP: 3/3
   959 | D:2      | Reached skill level 4 in Armour
  1374 | D:2      | Reached skill level 1 in Dodging
  1374 | D:2      | Reached XP level 4. HP: 40/40 MP: 4/4
  1717 | D:3      | Noticed Grinder
  1740 | D:3      | Reached XP level 5. HP: 39/46 MP: 5/5
  1841 | D:3      | Killed Grinder
  1841 | D:3      | Reached skill level 5 in Shields
  1841 | D:3      | Reached XP level 6. HP: 19/53 MP: 6/6
  2136 | D:3      | Noticed Goblin1989's ghost (amateur HOGl)
  3328 | D:4      | Reached XP level 7. HP: 60/60 MP: 7/7
  3337 | D:4      | Noticed Menkaure
  3350 | D:4      | Reached skill level 5 in Armour
  3350 | D:4      | Reached skill level 6 in Shields
  3362 | D:4      | HP: 1/60 [Menkaure (3)]
  3379 | D:4      | Mangled by Menkaure

Action                   |  1- 3 |  4- 6 |  7- 9 || total
-------------------------+-------+-------+-------++-------
Melee: Long sword        |   178 |   285 |    16 ||   479
Throw: Tomahawk          |       |     7 |     2 ||     9
  Use: Scroll            |     1 |     7 |       ||     8
       Potion            |     1 |     2 |     3 ||     6
  Eat: Chunk             |     2 |     5 |       ||     7
       Pizza             |       |     1 |       ||     1
